Map: Rhoskallian LE

Players

MeNoobie

  • Race: Terran Terran
  • Spawn Location: 12:00

news

  • Race: Terran Terran
  • League: Diamond
  • Spawn Location: 11:00

orlandus

  • Race: Terran Terran
  • Spawn Location: 5:00

llllllllllll

  • Race: Protoss Protoss
  • League: Master
  • Spawn Location: 6:00

VOD

Have the link to the VOD?

Description

Time

  • Played on: Nov. 25, 2019, 7:21 a.m.
  • Length: 3:28
Show
View Real Time Build Order
Export as new Build Order

MeNoobie Terran 

Build Orders:  

Get SALT Encoding   

  12  0:00  SCV  
  13  0:12  SCV  
  14  0:18  Supply Depot  
  14  0:25  SCV  
  15  0:31  Refinery  
  15  0:39  SCV  
  16  0:46  Barracks  
  16  0:51  SCV  
  17  1:04  SCV  
  17  1:10  Barracks  
  18  1:16  SCV  
  19  1:28  Barracks  
  20  1:32  SCV  
  20  1:34  Reaper  
  21  1:44  Supply Depot  
  21  1:50  Refinery  
  21  1:58  Reaper  
  21  2:01  SCV  
  23  2:07  Reaper  
  24  2:15  Orbital Command  
  24  2:17  Reaper  
  25  2:33  Reaper  
  25  2:35  Supply Depot  
  26  2:45  Reaper  
  26  2:47  SCV  
Show
View Real Time Build Order
Export as new Build Order

news Terran 

Build Orders:  

Get SALT Encoding   

  12  0:01  SCV  
  13  0:13  SCV  
  14  0:23  Supply Depot  
  14  0:32  SCV  
  15  0:45  Barracks  
  15  0:57  Barracks  
  15  1:10  Barracks  
  15  1:23  Barracks  
  15  1:28  SCV  
  16  1:33  Marine  
  17  1:47  Marine  
  17  1:50  Marine  
  19  2:00  Marine, Supply Depot  
  20  2:05  Marine  
  21  2:10  Marine  
  21  2:11  Marine  
  23  2:21  Marine  
  24  2:24  Supply Depot  
  24  2:26  Marine  
  25  2:33  Marine  
  25  2:34  Marine  
  27  2:45  Marine x2  
  29  2:51  Marine  
  29  2:52  Marine  
  30  3:03  Marine x2  
Show
View Real Time Build Order
Export as new Build Order

orlandus Terran 

Build Orders:  

Get SALT Encoding   

  12  0:02  SCV  
  13  0:14  SCV  
  13  0:20  Supply Depot  
  14  0:26  SCV  
  15  0:42  SCV  
  16  0:48  Barracks  
  16  0:50  Refinery  
  16  0:54  SCV  
  17  0:58  Refinery  
  17  1:06  SCV  
  18  1:18  SCV  
  19  1:35  Orbital Command  
  19  1:38  Reaper  
  20  1:48  Factory  
  20  1:53  Supply Depot  
  20  2:03  SCV  
  21  2:11  Supply Depot  
  21  2:13  Barracks Reactor  
  21  2:24  SCV  
  22  2:35  Starport  
  22  2:38  Hellion  
  24  2:48  SCV  
  24  2:51  Marine x2  
  26  3:01  Factory Tech Lab, Command Center  
Show
View Real Time Build Order
Export as new Build Order

llllllllllll Protoss 

Build Orders:  

Get SALT Encoding   

  12  0:01  Probe  
  13  0:13  Probe  
  14  0:25  Probe  
  14  0:27  Pylon  
  15  0:45  Probe (Chrono Boost)  
  15  0:48  Gateway  
  16  0:55  Probe (Chrono Boost)  
  17  0:57  Assimilator  
  17  1:00  Probe (Chrono Boost)  
  18  1:08  Gateway  
  18  1:12  Probe (Chrono Boost)  
  18  1:14  Assimilator  
  19  1:23  Probe (Chrono Boost)  
  20  1:28  Probe (Chrono Boost)  
  21  1:38  Cybernetics Core  
  21  1:57  Nexus  
  21  2:04  Pylon  
  21  2:14  Sentry  
  23  2:23  Pylon  
  23  2:25  Probe  
  26  2:38  Probe  
  29  2:56  Pylon  
  28  3:04  Pylon  
  25  3:05  Pylon  
  25  3:09  Probe  
Tags
 
Add a new tag
Caveats
  • Supply blocks, unpowered buildings, or Contaminate may cause inaccurate times.
  • Supply counts are checked every 10 seconds.